 Dungeon Crawl Stone Soup version 0.29.0-4-gdea44cf6ec (webtiles) character file.

Game seed: 13462581564045107745

9443 qw the Cleaver (level 11, -8/71 HPs)
             Began as a Gargoyle Fighter on Sept 10, 2022.
             Was an Elder of Okawaru.
             Mangled by an ogre mage
             ... wielding a +0 spear
              (10 damage)
             ... on level 10 of the Dungeon.
             The game lasted 00:04:06 (11269 turns).

qw the Cleaver (Gargoyle Fighter)                  Turns: 11269, Time: 00:04:07

Health: -8/71      AC: 28    Str: 23    XL:     11   Next: 46%
Magic:  14/14      EV:  8    Int: 13    God:    Okawaru [****..]
Gold:   506        SH:  6    Dex:  8    Spells: 10/10 levels left

rFire   . . .      SeeInvis +   q - +2 broad axe (holy)
rCold   . . .      Faith    .   c - +0 buckler
rNeg    + . .      Spirit   .   f - +0 plate armour
rPois   inf        Reflect  .   e - +1 hat
rElec   +          Harm     .   (no cloak)
rCorr   .          Rampage  .   u - +0 pair of gloves
Will    ++...                   t - +0 pair of boots
Stlth   ..........              (no amulet)
HPRegen 0.21/turn               g - ring of willpower
MPRegen 0.14/turn               j - ring of willpower

@: about to teleport, heroic
A: sickness immunity, AC +8, negative energy resistance 1, electricity
resistance, torment resistance 1, petrification resistance, horns 1, talons 1,
see invisible, clever 1
a: Renounce Religion, Heroism, Finesse


You were on level 10 of the Dungeon.
You worshipped Okawaru.
Okawaru was greatly pleased with you.
You visited 2 branches of the dungeon, and saw 11 of its levels.
You also visited: Sewer.

You collected 690 gold pieces.
You spent 184 gold pieces at shops.


Innate Abilities, Weirdness & Mutations

You are immune to sickness and miasma.
Your stone body is resilient. (AC +8)
You are immune to poison.
You resist negative energy. (rN+)
You are resistant to electric shocks. (rElec)
You are resistant to unholy torment.
You are immune to petrification.
You have a pair of small horns on your head.
You have sharp toenails.
You have supernaturally acute eyesight. (SInv)
Your mind is acute. (Int +4, Str/Dex -1)


   Skills:
 - Level 9.0(14.0) Fighting
 + Level 11.9(16.9) Axes
 - Level 2.0(7.0) Throwing
 - Level 8.4(13.4) Armour
 - Level 1.1(6.1) Dodging
 - Level 5.0(10.0) Shields
 + Level 4.5 Invocations


You had 10 spell levels left.
You didn't know any spells.
Your spell library was empty.

Inventory:

Hand Weapons
 q - a +2 broad axe of holy wrath (weapon)
 Y - a +3 war axe of flaming
Missiles
 r - 6 boomerangs (quivered)
Armour
 c - a +0 buckler (worn)
 e - a +1 hat (worn)
 f - a +0 plate armour (worn)
 t - a +0 pair of boots (worn)
 u - a +0 pair of gloves (worn)
Jewellery
 g - a ring of willpower (left hand)
 j - a ring of willpower (right hand)
Scrolls
 i - 5 scrolls of teleportation
 n - a scroll of blinking
 o - 10 scrolls of identify
Potions
 a - 5 potions of lignification
 b - 7 potions of cancellation
 d - 4 potions of might
 h - a potion of attraction
 k - 4 potions of heal wounds
 l - 4 potions of haste
 m - 6 potions of curing
 s - 2 potions of mutation

Dungeon Overview and Level Annotations

Branches:
Dungeon (10/15)            Temple (1/1) D:6           Sewer (visited)
   Lair: D:8-11         Orc: D:9-12

Altars:
Ashenzari
Cheibriados
Dithmenos
Elyvilon
Fedhas
Gozag
Hepliaklqana
Kikubaaqudgha
Makhleb
Nemelex Xobeh
Okawaru
Qazlal
Ru
Sif Muna
Trog
Uskayaw
Vehumet
Wu Jian
Xom
Yredelemnul
Zin
The Shining One

Shops:
D:1 [   D:9 (


Message History

You slash the hornet!
You kill the hornet!
Okawaru accepts your kill.
You closely miss the hornet. The hornet stings you.
You slash the hornet!
The hornet is moderately wounded.
You block the hornet's attack.
The ogre mage hits you but does no damage.
You closely miss the hornet.
The hornet is moderately wounded.
The hornet stings you but does no damage.
You barely miss the hornet. Your headbutt misses the hornet.
The hornet is moderately wounded.
The hornet closely misses you.
The ogre mage hits you but does no damage.
You miss the hornet. Your headbutt misses the hornet.
The hornet is moderately wounded.
The hornet stings you but does no damage. x2
You slash the hornet! You headbutt the hornet.
The hornet is severely wounded.
The ogre mage hits you but does no damage.
The hornet stings you.
You miss the hornet. Your headbutt misses the hornet.
The hornet is severely wounded.
The hornet stings you but does no damage.
You slash the hornet!
You kill the hornet!
Okawaru accepts your kill.
The ogre mage hits you from afar with a +0 spear.
The ogre mage hits you with a +0 spear.
You barely miss the ogre mage. You barely miss the ogre mage.
The ogre mage casts a spell at you. The bolt of magma hits you!
11269 ||| READING 6 scrolls of teleportation.
As you read the scroll of teleportation, it crumbles to dust.
You feel strangely unstable. The ogre mage hits you with a +0 spear!
You die...

....#########################....
...................<.............
..........(..........############
..#############'####.# ..#
###.......### ..# #...........##
..# #.....###.....# ..#
#...##...##...# .)#
#.##../.@..##.# ..#
#.....###O....# ..# ...# ##...#
.>#######.# ##.###########
........# #.......... #####...#
#.....##### #.### ####..# #.#
#..# #.# #..#


You could see an ogre mage.

Vanquished Creatures
  3 two-headed ogres
  A deep elf pyromancer (D:10)
  A kobold demonologist (D:9)
  3 hornets (D:10)
  Prince Ribbit (D:7)
  Sigmund (D:3)
  4 yaks (D:7)
  A vampire (D:9)
  An unseen horror simulacrum (D:8)
  A wraith (D:10)
  An acid dragon (D:9)
  3 water moccasins
  3 sky beasts
  2 floating eyes (D:10)
  2 black bears (D:4)
  An orc warrior (D:8)
  2 ice beasts (D:8)
  2 wolves (D:8)
  2 centaurs
  4 necrophages
  3 scorpions
  5 bullfrogs
  3 gnoll sergeants
  3 wights (D:8)
  4 killer bees (D:9)
  3 electric eels
  5 howler monkeys
  3 hounds
  A quasit (D:5)
  2 gnoll boudas
  4 jellies
  10 orc priests
  3 iguanas
  Jessica (D:2)
  Terence (D:2)
  13 orc wizards
  A hell rat (Sewer)
  A centaur simulacrum (D:8)
  Robin (D:3)
  32 gnolls
  16 adders
  3 river rats (Sewer)
  5 shadow imps
  6 white imps
  7 ufetubi
  4 dart slugs
  A worm (D:2)
  42 orcs
  5 ball pythons
  9 endoplasms
  3 giant cockroaches
  19 goblins
  12 hobgoblins
  14 jackals
  A quokka (D:4)
  4 bats
  2 frilled lizards
  8 kobolds
  11 rats
310 creatures vanquished.

Vanquished Creatures (others)
  3 demonic plants (D:5)
  15 plants (D:7)
18 creatures vanquished.

Grand Total: 328 creatures vanquished

Notes
Turn   | Place    | Note
-------+----------+-------------------------------------------
     0 | D:1      | qw the Gargoyle Fighter began the quest for the Orb.
     0 | D:1      | Reached XP level 1. HP: 14/14 MP: 1/1
     0 | D:1      | 0 ||| qw: Version: 0.1-a-116-g5d60599
     0 | D:1      | 0 ||| qw: Game counter: 7592
     0 | D:1      | 0 ||| qw: Always use a shield: true
     0 | D:1      | 0 ||| qw: God list: Okawaru
     0 | D:1      | 0 ||| qw: Allow faded altars: false
     0 | D:1      | 0 ||| qw: Do Orc after D:15 true
     0 | D:1      | 0 ||| qw: Do second Lair branch before Depths: true
     0 | D:1      | 0 ||| qw: Lair rune preference: random
     0 | D:1      | 0 ||| qw: Plans: Normal, Zot, God:TSO, Crypt, Tomb, Zig,
                  | Orb
     0 | D:1      | 0 ||| PLANNING D:1-11
    50 | D:1      | Reached skill level 2 in Axes
   294 | D:1      | 294 ||| Stepping ~*~*~tactically~*~*~ (stealth).
   295 | D:1      | 295 ||| Stepping ~*~*~tactically~*~*~ (hiding).
   306 | D:1      | Reached XP level 2. HP: 11/19 MP: 2/2
   550 | D:1      | Reached skill level 3 in Axes
   552 | D:1      | Reached XP level 3. HP: 22/23 MP: 3/3
   709 | D:1      | Found Dyehis's Antique Armour Shop.
   758 | D:1      | 758 ||| UPGRADING to +0 plate armour.
   768 | D:1      | 768 ||| DROPPING +0 scale mail.
   769 | D:1      | 769 ||| READING scroll labelled YBRODU YTOAT.
   770 | D:1      | 770 ||| READING 2 scrolls labelled SARUNL SISAGHI.
   771 | D:1      | 771 ||| READING scroll of enchant weapon.
   771 | D:1      | 771 ||| ENCHANTING +1 war axe.
   772 | D:1      | 772 ||| READING scroll labelled CYRAUF YXTEGUE.
  1239 | D:1      | 1239 ||| READING scroll labelled KARUMY LAJE.
  1240 | D:1      | 1240 ||| READING scroll labelled FEAG XOREFFE.
  1241 | D:1      | 1241 ||| DRINKING 3 bubbling inky potions.
  1261 | D:2      | Noticed Terence
  1271 | D:2      | Killed Terence
  1272 | D:2      | Reached XP level 4. HP: 27/28 MP: 4/4
  1368 | D:2      | Reached skill level 4 in Axes
  1412 | D:2      | Noticed Jessica
  1413 | D:2      | 1413 ||| Stepping ~*~*~tactically~*~*~ (hiding).
  1414 | D:2      | 1414 ||| Stepping ~*~*~tactically~*~*~ (hiding).
  1418 | D:2      | Killed Jessica
  1520 | D:2      | 1520 ||| Stepping ~*~*~tactically~*~*~ (stealth).
  1526 | D:2      | 1526 ||| Stepping ~*~*~tactically~*~*~ (stealth).
  1549 | D:2      | Reached XP level 5. HP: 32/32 MP: 5/5
  1577 | D:2      | 1577 ||| Stepping ~*~*~tactically~*~*~ (stealth).
  1585 | D:2      | 1585 ||| Stepping ~*~*~tactically~*~*~ (stealth).
  1598 | D:2      | Reached skill level 5 in Axes
  1663 | D:2      | 1663 ||| DROPPING +0 mace.
  2136 | D:2      | 2136 ||| UPGRADING to ring of willpower.
  2137 | D:2      | 2137 ||| UPGRADING to ring of willpower.
  2138 | D:2      | 2138 ||| READING 3 scrolls of identify.
  2138 | D:2      | 2138 ||| IDENTIFYING glowing emerald potion
  2139 | D:2      | 2139 ||| READING 2 scrolls of identify.
  2139 | D:2      | 2139 ||| IDENTIFYING emerald potion
  2140 | D:2      | 2140 ||| DROPPING potion of brilliance.
  2160 | D:3      | 2160 ||| PLANNING SEWER
  2161 | D:3      | Noticed Sigmund
  2173 | D:3      | Killed Sigmund
  2174 | D:3      | Reached XP level 6. HP: 23/40 MP: 6/6
  2355 | D:3      | Noticed Robin
  2371 | D:3      | Killed Robin
  2388 | D:3      | Found a shadowy altar of Dithmenos.
  2514 | D:3      | 2514 ||| Stepping ~*~*~tactically~*~*~ (hiding).
  2659 | D:3      | Found a glowing drain.
  2660 | D:3      | 2660 ||| UPGRADING to +0 helmet.
  2665 | D:3      | 2665 ||| READING scroll labelled JEUMAGIEZAE.
  2666 | D:3      | 2666 ||| READING scroll labelled QUUCYANUTH.
  2721 | D:3      | 2721 ||| DRINKING 2 murky black potions.
  2722 | D:3      | 2722 ||| DRINKING 2 metallic pink potions.
  2723 | D:3      | 2723 ||| READING 2 scrolls of identify.
  2723 | D:3      | 2723 ||| IDENTIFYING cyan potion
  2724 | D:3      | 2724 ||| DROPPING potion of magic.
  2758 | D:3      | 2758 ||| Stepping randomly (stuck).
  2819 | D:3      | Reached XP level 7. HP: 44/44 MP: 7/7
  2850 | Sewer    | Entered a sewer
  2858 | Sewer    | 2858 ||| Stepping ~*~*~tactically~*~*~ (water).
  2888 | Sewer    | 2888 ||| Stepping ~*~*~tactically~*~*~ (water).
  3081 | Sewer    | 3081 ||| DRINKING 3 purple potions.
  3081 | Sewer    | Gained mutation: You have sharp toenails. [potion of
                  | mutation]
  3081 | Sewer    | Gained mutation: You have supernaturally acute eyesight.
                  | (SInv) [potion of mutation]
  3081 | Sewer    | Gained mutation: You have a pair of small horns on your
                  | head. [potion of mutation]
  3081 | Sewer    | Gained mutation: Your mind is acute. (Int +4, Str/Dex -1)
                  | [potion of mutation]
  3082 | Sewer    | 3082 ||| DROPPING +0 helmet.
  3083 | Sewer    | 3083 ||| READING 3 scrolls of identify.
  3083 | Sewer    | 3083 ||| IDENTIFYING grey potion
  3084 | Sewer    | 3084 ||| READING 2 scrolls of identify.
  3084 | Sewer    | 3084 ||| IDENTIFYING bubbling cyan potion
  3085 | Sewer    | 3085 ||| DROPPING potion of berserk rage.
  3096 | D:3      | 3096 ||| PLANNING D:1-11
  3135 | D:3      | Reached skill level 6 in Axes
  3156 | D:3      | 3156 ||| DROPPING +0 flail.
  3461 | D:3      | 3461 ||| READING scroll labelled AMOSCH WEGIENU.
  3462 | D:3      | 3462 ||| READING 3 scrolls of identify.
  3462 | D:3      | 3462 ||| IDENTIFYING sedimented silvery potion
  3463 | D:3      | 3463 ||| READING 2 scrolls of identify.
  3463 | D:3      | 3463 ||| IDENTIFYING fuming emerald potion
  3464 | D:3      | 3464 ||| DROPPING potion of flight.
  3479 | D:4      | 3479 ||| Stepping ~*~*~tactically~*~*~ (stealth).
  3489 | D:4      | 3489 ||| Stepping ~*~*~tactically~*~*~ (stealth).
  3497 | D:4      | 3497 ||| Stepping ~*~*~tactically~*~*~ (hiding).
  3663 | D:4      | Reached skill level 7 in Axes
  3947 | D:4      | Found a shimmering blue altar of Sif Muna.
  3961 | D:4      | Reached skill level 1 in Throwing
  3961 | D:4      | Reached XP level 8. HP: 49/49 MP: 8/8
  4227 | D:4      | 4227 ||| READING scroll labelled UKODUSUOFA.
  4230 | D:4      | 4230 ||| READING scroll labelled SIQUTH ZUUR.
  4239 | D:5      | Entered Level 5 of the Dungeon
  4306 | D:5      | 4306 ||| READING scroll of enchant weapon.
  4306 | D:5      | 4306 ||| ENCHANTING +2 war axe.
  4503 | D:5      | 4503 ||| FLEEEEING.
  4504 | D:5      | 4504 ||| FLEEEEING.
  4505 | D:5      | 4505 ||| FLEEEEING.
  4506 | D:5      | 4506 ||| FLEEEEING.
  4507 | D:5      | 4507 ||| FLEEEEING.
  4508 | D:5      | 4508 ||| FLEEEEING.
  4509 | D:5      | 4509 ||| FLEEEEING.
  4510 | D:5      | 4510 ||| FLEEEEING.
  4511 | D:5      | 4511 ||| FLEEEEING.
  4512 | D:5      | 4512 ||| FLEEEEING.
  4513 | D:5      | 4513 ||| FLEEEEING.
  4514 | D:5      | 4514 ||| FLEEEEING.
  4515 | D:5      | 4515 ||| FLEEEEING.
  4516 | D:5      | 4516 ||| FLEEEEING.
  4517 | D:5      | 4517 ||| FLEEEEING.
  4518 | D:5      | 4518 ||| FLEEEEING.
  4674 | D:5      | Reached skill level 8 in Axes
  4684 | D:5      | 4684 ||| FLEEEEING.
  4691 | D:5      | 4691 ||| FLEEEEING.
  4692 | D:5      | 4692 ||| FLEEEEING.
  4693 | D:5      | 4693 ||| FLEEEEING.
  4694 | D:5      | 4694 ||| FLEEEEING.
  4695 | D:5      | 4695 ||| FLEEEEING.
  4696 | D:5      | 4696 ||| FLEEEEING.
  4697 | D:5      | 4697 ||| FLEEEEING.
  4698 | D:5      | 4698 ||| FLEEEEING.
  4699 | D:5      | 4699 ||| Stepping ~*~*~tactically~*~*~ (hiding).
  4808 | D:5      | 4808 ||| Stepping ~*~*~tactically~*~*~ (hiding).
  4810 | D:5      | 4810 ||| Stepping ~*~*~tactically~*~*~ (hiding).
  4816 | D:5      | Reached skill level 1 in Dodging
  4816 | D:5      | 4816 ||| Stepping ~*~*~tactically~*~*~ (hiding).
  4875 | D:5      | 4875 ||| Stepping ~*~*~tactically~*~*~ (stealth).
  4877 | D:5      | 4877 ||| Stepping ~*~*~tactically~*~*~ (stealth).
  4878 | D:5      | 4878 ||| Stepping ~*~*~tactically~*~*~ (stealth).
  4887 | D:5      | 4887 ||| Stepping ~*~*~tactically~*~*~ (stealth).
  4918 | D:5      | Reached skill level 6 in Fighting
  4980 | D:5      | 4980 ||| Stepping ~*~*~tactically~*~*~ (stealth).
  4983 | D:5      | 4983 ||| Stepping ~*~*~tactically~*~*~ (stealth).
  4995 | D:5      | 4995 ||| Stepping ~*~*~tactically~*~*~ (hiding).
  4996 | D:5      | 4996 ||| Stepping ~*~*~tactically~*~*~ (hiding).
  5112 | D:5      | 5112 ||| Stepping ~*~*~tactically~*~*~ (stealth).
  5427 | D:5      | 5427 ||| READING scroll labelled REUTONTOIT.
  5471 | D:6      | 5471 ||| Stepping ~*~*~tactically~*~*~ (hiding).
  5488 | D:6      | Reached skill level 9 in Axes
  5488 | D:6      | Reached XP level 9. HP: 40/55 MP: 9/9
  5488 | D:6      | 5488 ||| FLEEEEING.
  5489 | D:6      | 5489 ||| STAIRDANCE
  5569 | D:6      | 5569 ||| STAIRDANCE
  5577 | D:6      | 5577 ||| Stepping ~*~*~tactically~*~*~ (stealth).
  5636 | D:6      | 5636 ||| Stepping ~*~*~tactically~*~*~ (stealth).
  5662 | D:6      | 5662 ||| Stepping ~*~*~tactically~*~*~ (stealth).
  5751 | D:6      | Found a sacrificial altar of Ru.
  5752 | D:6      | Found a basalt altar of Yredelemnul.
  5951 | D:6      | Found an ancient bone altar of Kikubaaqudgha.
  5966 | D:6      | Found a staircase to the Ecumenical Temple.
  5967 | D:6      | 5967 ||| PLANNING TEMPLE
  5967 | D:6      | 5967 ||| READING scroll labelled MUYVAOKEUDAUWK.
  5968 | D:6      | 5968 ||| READING scroll labelled VECSUXATOR.
  5969 | D:6      | 5969 ||| DROPPING +0 morningstar.
  5975 | Temple   | Entered the Ecumenical Temple
  6064 | Temple   | 6064 ||| PLANNING D:1-11
  6071 | Temple   | Became a worshipper of Warmaster Okawaru
  6185 | D:6      | Found a shadowy altar of Dithmenos.
  6516 | D:6      | Found a sparkling altar of Nemelex Xobeh.
  6609 | D:6      | 6609 ||| READING 5 scrolls of identify.
  6609 | D:6      | 6609 ||| IDENTIFYING ruby potion
  6610 | D:6      | 6610 ||| DROPPING potion of ambrosia.
  6636 | D:7      | 6636 ||| Stepping ~*~*~tactically~*~*~ (hiding).
  6637 | D:7      | 6637 ||| Stepping ~*~*~tactically~*~*~ (hiding).
  6715 | D:7      | Noticed Prince Ribbit
  6723 | D:7      | Killed Prince Ribbit
  6751 | D:7      | 6751 ||| Stepping ~*~*~tactically~*~*~ (hiding).
  6772 | D:7      | 6772 ||| Stepping ~*~*~tactically~*~*~ (hiding).
  6922 | D:7      | 6922 ||| Stepping ~*~*~tactically~*~*~ (hiding).
  6924 | D:7      | 6924 ||| Stepping ~*~*~tactically~*~*~ (hiding).
  6925 | D:7      | 6925 ||| Stepping ~*~*~tactically~*~*~ (hiding).
  6926 | D:7      | 6926 ||| Stepping ~*~*~tactically~*~*~ (hiding).
  6927 | D:7      | 6927 ||| Stepping ~*~*~tactically~*~*~ (hiding).
  6930 | D:7      | 6930 ||| Stepping ~*~*~tactically~*~*~ (hiding).
  6947 | D:7      | 6947 ||| Stepping ~*~*~tactically~*~*~ (stealth).
  6951 | D:7      | 6951 ||| Stepping ~*~*~tactically~*~*~ (hiding).
  6957 | D:7      | Reached * piety under Okawaru
  6958 | D:7      | Reached skill level 10 in Axes
  6962 | D:7      | 6962 ||| INVOKING Heroism.
  6967 | D:7      | Reached skill level 1 in Invocations
  7366 | D:7      | 7366 ||| Stepping ~*~*~tactically~*~*~ (stealth).
  7368 | D:7      | 7368 ||| Stepping ~*~*~tactically~*~*~ (stealth).
  7374 | D:7      | 7374 ||| Stepping ~*~*~tactically~*~*~ (stealth).
  7784 | D:7      | 7784 ||| UPGRADING to +1 hat.
  7799 | D:8      | 7799 ||| INVOKING Heroism.
  7801 | D:8      | 7801 ||| STAIRDANCE
  7805 | D:7      | Reached skill level 6 in Armour
  7809 | D:7      | Reached skill level 3 in Invocations
  7809 | D:7      | Reached XP level 10. HP: 45/63 MP: 9/12
  7897 | D:8      | 7897 ||| STAIRDANCE
  7975 | D:8      | 7975 ||| Stepping ~*~*~tactically~*~*~ (hiding).
  7977 | D:8      | 7977 ||| Stepping ~*~*~tactically~*~*~ (hiding).
  8177 | D:8      | 8177 ||| INVOKING Heroism.
  8190 | D:8      | 8190 ||| Stepping ~*~*~tactically~*~*~ (hiding).
  8233 | D:8      | 8233 ||| Stepping ~*~*~tactically~*~*~ (stealth).
  8237 | D:8      | 8237 ||| Stepping ~*~*~tactically~*~*~ (stealth).
  8238 | D:8      | 8238 ||| Stepping ~*~*~tactically~*~*~ (stealth).
  8246 | D:8      | Reached ** piety under Okawaru
  8257 | D:8      | 8257 ||| INVOKING Heroism.
  8269 | D:8      | 8269 ||| Stepping ~*~*~tactically~*~*~ (hiding).
  8288 | D:8      | 8288 ||| FLEEEEING.
  8290 | D:8      | 8290 ||| STAIRDANCE
  8346 | D:8      | 8346 ||| Stepping ~*~*~tactically~*~*~ (stealth).
  8350 | D:8      | 8350 ||| Stepping ~*~*~tactically~*~*~ (stealth).
  8352 | D:8      | 8352 ||| Stepping ~*~*~tactically~*~*~ (hiding).
  8425 | D:8      | 8425 ||| INVOKING Heroism.
  8792 | D:8      | 8792 ||| UPGRADING to +0 pair of boots.
  8797 | D:8      | 8797 ||| UPGRADING to +0 pair of gloves.
  8802 | D:8      | 8802 ||| READING scroll labelled TUKKIGIASUO.
  8837 | D:9      | Found Ropivien's Weapon Shop.
  8842 | D:9      | 8842 ||| BUYING +1 broad axe of holy wrath (184 gold).
  8842 | D:9      | Bought a +1 broad axe of holy wrath for 184 gold pieces
  8842 | D:9      | 8842 ||| SWAPPING to +1 broad axe of holy wrath.
  8932 | D:9      | Noticed a two-headed ogre
  8933 | D:9      | 8933 ||| FLEEEEING.
  8953 | D:9      | 8953 ||| INVOKING Heroism.
  8960 | D:9      | Killed a two-headed ogre
  9127 | D:9      | Reached *** piety under Okawaru
  9300 | D:9      | 9300 ||| INVOKING Heroism.
  9407 | D:9      | Noticed a two-headed ogre
  9408 | D:9      | 9408 ||| INVOKING Heroism.
  9417 | D:9      | Killed a two-headed ogre
  9418 | D:9      | Reached skill level 11 in Axes
  9418 | D:9      | Reached XP level 11. HP: 64/68 MP: 12/14
  9442 | D:9      | 9442 ||| Stepping ~*~*~tactically~*~*~ (hiding).
  9443 | D:9      | 9443 ||| Stepping ~*~*~tactically~*~*~ (hiding).
  9444 | D:9      | 9444 ||| INVOKING Heroism.
  9445 | D:9      | Noticed a sun demon
  9448 | D:9      | 9448 ||| Stepping ~*~*~tactically~*~*~ (hiding).
  9750 | D:9      | 9750 ||| INVOKING Heroism.
  9977 | D:9      | 9977 ||| READING scroll of enchant weapon.
  9977 | D:9      | 9977 ||| ENCHANTING +1 broad axe of holy wrath.
 10322 | D:10     | Entered Level 10 of the Dungeon
 10392 | D:10     | 10392 ||| INVOKING Heroism.
 10398 | D:10     | Reached skill level 9 in Fighting
 10528 | D:10     | Found a flagged portal.
 10529 | D:10     | 10529 ||| INVOKING Heroism.
 10672 | D:10     | Noticed a two-headed ogre
 10673 | D:10     | 10673 ||| INVOKING Heroism.
 10675 | D:10     | 10675 ||| Stepping ~*~*~tactically~*~*~ (hiding).
 10682 | D:10     | Killed a two-headed ogre
 10727 | D:10     | Identified the +10 dagger "Nuhut" {venom, Int+4 Dex+3}
 10727 | D:10     | Noticed a deep elf pyromancer
 10728 | D:10     | 10728 ||| INVOKING Heroism.
 10738 | D:10     | Killed a deep elf pyromancer
 10803 | D:10     | 10803 ||| INVOKING Heroism.
 10994 | D:10     | Found a glowing golden altar of the Shining One.
 11237 | D:10     | Paralysed by a floating eye for 2 turns
 11252 | D:10     | Noticed an ogre mage
 11253 | D:10     | 11253 ||| INVOKING Heroism.
 11257 | D:10     | Reached **** piety under Okawaru
 11268 | D:10     | HP: 2/71 [ogre mage/bolt of magma (17)]
 11269 | D:10     | 11269 ||| READING 6 scrolls of teleportation.
 11269 | D:10     | Mangled by an ogre mage

Levels and vault maps discovered:
D:1:      ncdulo_smallfort, layout_basic, serial_shops, shop, serial_glass,
          glass_columns_c, glass_columns_a, hangedman_glass_teeth
D:2:      layout_basic, kennysheep_nondescript, uniq_terence, uniq_jessica
D:3:      minmay_general_purpose_star, layout_loops_ring, lemuel_round_altar,
          gup_sewer_entry_glass, glass_columns_b, uniq_sigmund, uniq_robin
D:4:      layout_rooms, kennysheep_orc_sif_temple
D:5:      layout_cave_pods, serial_demonic, serial_demonic_c, serial_demonic_e,
          serial_demonic_e, serial_demonic_g, serial_demonic_d,
          serial_demonic_f, grunt_decor_junction
D:6:      minmay_spotlight, layout_loops_ring,
          nicolae_kikubaaqudgha_miasma_corner, nicolae_overflow_squiral,
          minmay_temple_entry_statues_pillars, hangedman_feature_mirror
D:7:      layout_cave_pods, nicolae_grassy_gnolls, uniq_prince_ribbit1
D:8:      layout_cave_pools, serial_ice, serial_ice_d, serial_ice_a,
          serial_ice_i, serial_ice_m, serial_ice_n, serial_ice_e
D:9:      layout_basic, serial_shops, nicolae_square_shop
D:10:     hellmonk_paralyzer, layout_long_grid, lemuel_doored_altar,
          enter_bailey_5
Temple:   lightli_temple_of_artemis

Skill      XL: |  1  2  3  4  5  6  7  8  9 10 11 |
---------------+----------------------------------+-----
Axes           | 2 3 4 5 7 9 10 11 | 11.9
Fighting       | 5 6 7 8 9 |  9.0
Armour         | 4 6 7 8 |  8.4
Throwing       | 1 2 |  2.0
Dodging        | 1 |  1.1
Shields        | 4 5 |  5.0
Invocations    | 3 4 |  4.5

Action                   |  1- 3 |  4- 6 |  7- 9 | 10-12 || total
-------------------------+-------+-------+-------+-------++-------
Melee: War axe           |    81 |   100 |   306 |    68 ||   555
       Kick              |       |       |    51 |    20 ||    71
       Headbutt          |       |       |    32 |    29 ||    61
       Broad axe         |       |       |       |   162 ||   162
Throw: Boomerang         |       |     5 |   108 |    31 ||   144
Invok: Heroism           |       |       |     2 |    14 ||    16
  Use: Scroll            |     6 |     5 |    12 |     3 ||    26
       Potion            |     1 |     2 |     1 |       ||     4
Armor: Scale mail        |    41 |       |       |       ||    41
       Plate armour      |     8 |    76 |   222 |   142 ||   448
Dodge: Dodged            |    44 |    20 |    85 |    82 ||   231
Block: Buckler           |    17 |    17 |    47 |    47 ||   128

Table legend:
 A = Non-vault XP
 B = Vault XP
 C = Vault XP percentage of total XP
 D = Non-vault monster count
 E = Vault monster count
 F = Vault count percentage of total count
                 A         B        C        D         E       F
            +---------+---------+-------+---------+---------+-------
      Total |    9996 |    3494 |  25.9 |     226 |      84 |  27.1
            +---------+---------+-------+---------+---------+-------
        D:1 |      58 |       0 |   0.0 |      28 |       0 |   0.0
        D:2 |     106 |      73 |  40.8 |      18 |       2 |  10.0
        D:3 |      96 |     418 |  81.3 |      19 |      21 |  52.5
        D:4 |     361 |      74 |  17.0 |      20 |       3 |  13.0
        D:5 |     894 |     143 |  13.8 |      36 |      11 |  23.4
        D:6 |     539 |     354 |  39.6 |      15 |       9 |  37.5
        D:7 |    1515 |     465 |  23.5 |      22 |       8 |  26.7
        D:8 |    1202 |     740 |  38.1 |      28 |       9 |  24.3
        D:9 |    3098 |       0 |   0.0 |      19 |       0 |   0.0
       D:10 |    2127 |    1145 |  35.0 |      21 |       9 |  30.0
      Sewer |       0 |      82 | 100.0 |       0 |      12 | 100.0
            +---------+---------+-------+---------+---------+-------
